 Dungeon Crawl Stone Soup version 0.29.1 (webtiles) character file.

Game seed: 11438088641740325647

25 Icepheonix32 the Shield-Bearer (level 2, -5/27 HPs)
             Began as a Minotaur Fighter on Sept 14, 2022.
             Killed from afar by a white imp (7 damage)
             ... with a puff of frost
             ... summoned by Natasha
             ... on level 2 of the Dungeon.
             The game lasted 00:00:52 (1378 turns).

Icepheonix32 the Shield-Bearer (Minotaur Fighter)   Turns: 1378, Time: 00:00:53

Health: -5/27      AC:  7    Str: 20    XL:     2   Next: 86%
Magic:  1/1        EV:  9    Int:  5    God:
Gold:   75         SH:  4    Dex:  9    Spells: 1/1 levels left

rFire   . . .      SeeInvis .   a - +0 war axe
rCold   . . .      Faith    .   c - +0 buckler
rNeg    . . .      Spirit   .   b - +0 scale mail
rPois   .          Reflect  .   (helmet restricted)
rElec   .          Harm     .   (no cloak)
rCorr   .          Rampage  .   (no gloves)
Will    .....                   (no boots)
Stlth   ..........              (no amulet)
HPRegen 0.09/turn               (no ring)
MPRegen 0.07/turn               (no ring)

@: no status effects
A: horns 2, retaliatory headbutt
a: no special abilities


You were on level 2 of the Dungeon.
You visited 1 branch of the dungeon, and saw 2 of its levels.

You collected 75 gold pieces.

Inventory:

Hand Weapons
 a - a +0 war axe (weapon)
Armour
 b - a +0 scale mail (worn)
 c - a +0 buckler (worn)
Scrolls
 e - 2 scrolls of enchant armour {unknown}
 f - a scroll of butterflies {unknown}
 i - a scroll of teleportation {unknown}
Potions
 d - a potion of might
 g - 2 potions of heal wounds {unknown}
 h - a potion of cancellation {unknown}


   Skills:
 * Level 3.9 Fighting
 + Level 2.7 Axes
 + Level 4.1 Armour
 + Level 4.2 Shields


You had one spell level left.
You didn't know any spells.
Your spell library was empty.

Dungeon Overview and Level Annotations

Branches:
Dungeon (2/15)

Altars:

Annotations:
D:2 Natasha


Innate Abilities, Weirdness & Mutations

You have a pair of horns on your head.
You reflexively headbutt those who attack you in melee.


Message History

You block Natasha's attack.
You climb upwards.
There is a stone staircase leading down here.
HP restored.
Done exploring.
You climb downwards.
Level annotation: Natasha Natasha mumbles some strange words.
Natasha shimmers violently.
Natasha casts a spell at you. The magic dart hits you!
There is a stone staircase leading up here.
You hit Natasha. You headbutt Natasha, but do no damage.
Natasha is lightly wounded.
Natasha closely misses you.
Natasha mumbles some strange words.
You slash Natasha!
Natasha is almost dead.
Natasha barely misses you.
You barely miss Natasha. Your headbutt misses Natasha.
Natasha is almost dead.
You barely miss the white imp. You block the white imp's attack.
Natasha howls an incantation.
You feel troubled. Natasha claws you.
Natasha mumbles some strange words.
The white imp gestures at you. The puff of frost hits you.
Natasha attacks as you move away! Natasha claws you but does no damage.
The white imp gestures at you. The puff of frost hits you!
* * * LOW HITPOINT WARNING * * *
There is a stone staircase leading up here.
You barely miss Natasha.
Natasha is almost dead.
You barely miss the crimson imp. You hit the white imp. Natasha claws you.
* * * LOW HITPOINT WARNING * * *
The white imp spits at you. The white imp gestures at you.
The puff of frost hits you!
You die...

#.####..###########.#
#.#.##..# #.# #.#.##..# #.#
#.#<.#..##### #.# ##
#.#.##..#....######.#
#....###.#......)........#.##
+......>.....................
#....###....5.....~~~~...##..
......÷....h@###..~~~~⌠..##..
.....#.....5.# #..~~~~...##..
... #[......###.............
. #......÷...........#####
..............#.....#
##...######....#.....##
#....#.................#
#....#.########.....<..#
#........#


You could see Natasha, a crimson imp (summoned) and a white imp (summoned).

Vanquished Creatures
  An adder (D:2)
  An endoplasm (D:1)
  A giant cockroach (D:1)
  2 hobgoblins
  3 quokkas
  A ball python (D:2)
  4 bats
  A frilled lizard (D:1)
  3 rats
17 creatures vanquished.

Notes
Turn   | Place    | Note
-------+----------+-------------------------------------------
     0 | D:1      | Icepheonix32 the Minotaur Fighter began the quest for the
                  | Orb.
     0 | D:1      | Reached XP level 1. HP: 19/19 MP: 0/0
   594 | D:1      | Reached XP level 2. HP: 25/27 MP: 1/1
   930 | D:1      | Found a faded altar of an unknown god.
  1169 | D:2      | Noticed Natasha
  1176 | D:2      | Noticed a crimson imp
  1179 | D:2      | Noticed a crimson imp
  1377 | D:2      | Noticed a crimson imp
  1378 | D:2      | Killed from afar by a white imp

Illustrated notes

Levels and vault maps discovered:
D:1:      minmay_arrival_nine_rooms, layout_basic, basic_ecumenical_altar
D:2:      layout_basic, serial_park_tiny_pond, chequers_jeans, uniq_natasha

Skill      XL: |  1  2 |
---------------+-------+-----
Armour         | 4 |  4.1
Shields        | 4 |  4.2
Fighting       | |  3.9
Axes           | |  2.7

Action                   || total
-------------------------++-------
Melee: War axe           ||    60
       Headbutt          ||     5
Armor: Scale mail        ||    43
Dodge: Dodged            ||    39
Block: Buckler           ||    21
